 Dungeon Crawl Stone Soup version 0.19.1 (webtiles) character file.

4828 Ladykiller69 the Slicer (level 10, 0/67 HPs)
             Began as a Human Assassin on Dec 9, 2016.
             Was a Follower of Uskayaw.
             Slain by a yak (6 damage)
             ... on level 9 of the Dungeon.
             The game lasted 00:49:06 (11448 turns).

Ladykiller69 the Slicer (Human Assassin)           Turns: 11448, Time: 00:49:06

Health: 0/67       AC:  8    Str: 20    XL:     10   Next: 77%
Magic:  6/10       EV: 13    Int: 16    God:    Uskayaw [*.....]
Gold:   433        SH: 13    Dex: 15    Spells: 0 memorised, 9 levels left

rFire  . . .     SeeInvis +     I - +1 dagger (venom)
rCold  . . .     Gourm    .     c - +1 robe of Ischuefa {Str+2 Int+4 Dex-2} (curse)
rNeg   . . .     Faith    .     U - +0 shield
rPois  +         Spirit   .     L - +2 helmet of Okawaru's Envy {MR- Regen+ SInv Stlth+}
rElec  .         Reflect  +     d - +0 cloak
rCorr  .         Harm     .     (no gloves)
MR     .....                    s - +0 pair of boots
Stlth  ++++......               M - +3 amulet of reflection
                                a - ring of poison resistance
                                C - +6 ring of strength

@: drained
A: no striking features
a: Stomp, Renounce Religion


You were on level 9 of the Dungeon.
You worshipped Uskayaw.
Uskayaw was noncommittal.
You were very hungry.

You visited 2 branches of the dungeon, and saw 10 of its levels.
You also visited: Sewer.

You collected 433 gold pieces.

Inventory:

Hand Weapons
 b - a +0 blowgun
 f - a +1 dagger of flaming
 h - a +0 short sword
 H - a +0 short sword
 I - a +1 dagger of venom (weapon)
 T - a +0 rapier
Missiles
 e - 13 poisoned needles
 l - 358 stones (quivered)
 v - a curare-tipped needle
 E - 3 needles of sleeping
Armour
 c - the cursed +1 robe of Ischuefa (worn) {Str+2 Int+4 Dex-2}
   (You found it on level 9 of the Dungeon)

   It affects your strength (+2).
   It affects your intelligence (+4).
   It affects your dexterity (-2).
   It has a curse placed upon it.
 d - a +0 cloak (worn)
 s - a +0 pair of boots (worn)
 L - the +2 helmet of Okawaru's Envy (worn) {MR- Regen+ SInv Stlth+}
   (You found it on level 5 of the Dungeon)

   It affects your resistance to hostile enchantments.
   It lets you see invisible.
   It increases your rate of regeneration.
   It makes you more stealthy.
 U - a +0 shield (worn)
Jewellery
 a - a ring of poison resistance (right hand)
 C - a +6 ring of strength (left hand)
 D - a +3 ring of dexterity
 F - an uncursed ring of protection from cold
 M - a +3 amulet of reflection (around neck)
 P - an uncursed ring of ice
Wands
 G - a wand of hasting (5/9)
 R - a wand of teleportation (3/9)
Scrolls
 m - 4 scrolls of blinking {unknown}
 n - 2 scrolls of enchant armour {unknown}
 o - 2 scrolls of remove curse
 p - a scroll of identify
 t - 4 scrolls of teleportation {unknown}
 u - a scroll of amnesia
 y - 5 scrolls of magic mapping
 J - a scroll of noise {unknown}
 N - 2 scrolls of fog {unknown}
 O - a scroll of immolation {unknown}
 V - a scroll of vulnerability {unknown}
 W - a scroll of enchant weapon {unknown}
Potions
 i - 2 potions of degeneration {unknown}
 j - a potion of cancellation {unknown}
 k - 4 potions of heal wounds
 q - a potion of beneficial mutation {unknown}
 r - 2 potions of brilliance {unknown}
 w - 2 potions of curing
 x - 3 potions of flight {unknown}
 z - 3 potions of might {unknown}
 K - a potion of resistance {unknown}
 Q - 2 potions of lignification
Books
 Y - a book of Debilitation

   Spells                             Type                      Level
   a - Corona                         Hexes                        1
   b - Slow                           Hexes                        2
   c - Gell's Gravitas                Hexes/Translocation          3
   d - Inner Flame                    Hexes/Fire                   3
   e - Cause Fear                     Hexes                        4
   f - Leda's Liquefaction            Hexes/Earth                  4
 Z - a book of Callings

   Spells                             Type                      Level
   a - Summon Small Mammal            Summoning                    1
   b - Call Imp                       Summoning                    2
   c - Call Canine Familiar           Summoning                    3
   d - Summon Guardian Golem          Hexes/Summoning              3
   e - Summon Lightning Spire         Summoning/Air                4
   f - Summon Ice Beast               Ice/Summoning                4
Comestibles
 g - 13 bread rations
 A - 4 meat rations
 B - 2 fruits
 S - 7 chunks of flesh
 X - 2 slices of pizza


   Skills:
 - Level 2.0(1.9) Fighting
 + Level 12.8 Short Blades
 - Level 2.0(1.9) Throwing
 - Level 5.0(4.9) Dodging
 - Level 4.0(3.9) Stealth
 + Level 5.5 Shields


You had 9 spell levels left.
You didn't know any spells.

Dungeon Overview and Level Annotations

Branches:
Dungeon (9/15)             Temple (1/1) D:7
   Lair: D:8-11         Orc: D:9-12

Altars:
Ashenzari
Dithmenos
Fedhas
Kikubaaqudgha
Makhleb
Ru
Sif Muna
Uskayaw
Xom
Yredelemnul

Annotations:
D:3 azzavlup's ghost, amateur MfIE
D:4 Grinder; Quirk's ghost, novice GrFi; Sigmund


Message History

* * * LOW HITPOINT WARNING * * *
You block the yak's attack. The yak barely misses you.
You hit the yak but do no damage.
The yak looks as sick as possible!
The yak is almost dead.
You hit the yak.
You kill the yak!
The yak completely misses you. The yak gores you!
* * * LOW HITPOINT WARNING * * *
You block the yak's attack.
You can now pass through a line of other dancers.
Aiming: Line Pass
Press: ? - help, Dir - move target cursor The yak appears confused. x2
You are feeling very hungry.
You can no longer pass through a line of other dancers.
You hit the yak.
The yak is poisoned.
The yak is lightly wounded.
The yak seems less confused. x2
The yak gores you.
You die...

## .. ..#
.. ..# ..
..# .$ .
#.# ..
..#####.#
..
#.......#
#
#.......#
#......@#
#.....YY#
##.....YY#
.......†.#
#.......Y#
.
#..#####.#
.#..# #.#
...# #.# .
#.#####.#


You could see 5 yaks.

Vanquished Creatures
  Pikel (D:7)
  A two-headed ogre (D:7)
  A hippogriff (D:7)
  A spriggan (D:7)
  A yak (D:9)
  A hungry ghost (D:8)
  An orc warrior (D:9)
  2 sky beasts
  A phantom (D:9)
  An ice beast (D:7)
  4 ogres
  A centaur (D:8)
  A crocodile (D:7)
  2 big kobolds (Sewer)
  Blork the orc (D:5)
  5 bullfrogs
  3 scorpions
  8 killer bees
  3 wights (D:9)
  A howler monkey (D:5)
  6 crimson imps
  5 hounds
  A bullfrog zombie (D:9)
  A bullfrog skeleton (D:5)
  6 orc priests
  7 orc wizards
  12 worker ants
  Robin (D:4)
  A worker ant zombie (D:7)
  2 howler monkey skeletons
  5 river rats (Sewer)
  10 adders
  A shadow imp (D:6)
  3 oozes
  2 adder skeletons (D:5)
  An adder zombie (D:5)
  4 worms
  2 dart slugs
  3 leopard geckos
  35 orcs
  8 ball pythons
  4 bat zombies (D:4)
  9 giant cockroaches
  18 goblins
  8 hobgoblins
  3 jackals (D:4)
  23 kobolds
  5 quokkas
  7 bats
  6 frilled lizards
  2 leopard gecko skeletons
  31 rats
  2 rat zombies (D:4)
274 creatures vanquished.

Vanquished Creatures (others)
  4 slaves (D:7)
  A necrophage (D:7)
  A bullfrog (D:7)
  A howler monkey (D:7)
  A bullfrog skeleton (D:7)
8 creatures vanquished.

Grand Total: 282 creatures vanquished

Notes
Turn   | Place    | Note
-------+----------+-------------------------------------------
     0 | D:1      | Ladykiller69 the Human Assassin began the quest for the Orb.
     0 | D:1      | Reached XP level 1. HP: 16/16 MP: 1/1
    35 | D:1      | Reached XP level 2. HP: 22/22 MP: 2/2
    49 | D:1      | Reached skill level 3 in Short Blades
   219 | D:1      | Reached XP level 3. HP: 27/27 MP: 3/3
  1041 | D:2      | Reached XP level 4. HP: 32/33 MP: 4/4
  1057 | D:2      | Reached skill level 4 in Short Blades
  1441 | D:3      | Found a glowing drain.
  1458 | Sewer    | Entered a sewer
  1901 | Sewer    | Reached XP level 5. HP: 24/38 MP: 5/5
  2089 | Sewer    | Noticed a big kobold
  2117 | Sewer    | Killed a big kobold
  2117 | Sewer    | Reached skill level 5 in Short Blades
  2432 | Sewer    | Reached XP level 6. HP: 35/44 MP: 6/6
  2667 | Sewer    | Reached skill level 6 in Short Blades
  2864 | Sewer    | HP: 2/44 [kobold/short sword (7)]
  3382 | D:3      | Noticed azzavlup's ghost (amateur MfIE)
  3792 | D:3      | Found a blossoming altar of Fedhas.
  4589 | D:4      | Noticed Robin
  4628 | D:4      | Noticed Quirk's ghost (novice GrFi)
  4652 | D:3      | Reached skill level 7 in Short Blades
  4652 | D:3      | Reached XP level 7. HP: 8/50 MP: 7/7
  5384 | D:4      | Killed Robin
  5412 | D:4      | Noticed Grinder
  5417 | D:4      | Found a shadowy altar of Dithmenos.
  5427 | D:4      | Noticed Sigmund
  5523 | D:4      | Found a basalt altar of Yredelemnul.
  5763 | D:4      | Found a shimmering altar of Xom.
  5764 | D:4      | Found a shimmering altar of Xom.
  5770 | D:4      | Found a shimmering altar of Xom.
  5999 | D:4      | Reached skill level 8 in Short Blades
  6143 | D:4      | Found an ancient bone altar of Kikubaaqudgha.
  6173 | D:5      | Entered Level 5 of the Dungeon
  6180 | D:5      | Noticed Blork the orc
  6182 | D:5      | Killed Blork the orc
  6184 | D:5      | Reached XP level 8. HP: 56/56 MP: 8/8
  6378 | D:5      | Reached skill level 9 in Short Blades
  6713 | D:5      | Got a spiked helmet
  6762 | D:4      | Found a sacrificial altar of Ru.
  7241 | D:5      | Reached skill level 10 in Short Blades
  8318 | D:6      | Reached XP level 9. HP: 34/61 MP: 9/9
  8780 | D:6      | Identified the +2 helmet of Okawaru's Envy {MR- Regen+ SInv Stlth+} (You found it on level 5 of the Dungeon)
  9103 | D:6      | Reached skill level 11 in Short Blades
  9613 | D:7      | Noticed Pikel
  9647 | D:7      | Killed Pikel
  9658 | D:7      | Noticed a hippogriff
 10050 | D:7      | Found a staircase to the Ecumenical Temple.
 10065 | Temple   | Entered the Ecumenical Temple
 10072 | Temple   | Became a worshipper of Uskayaw the Reveler
 10091 | D:7      | Found a burning altar of Makhleb.
 10140 | D:7      | Reached skill level 1 in Shields
 10140 | D:7      | Reached * piety under Uskayaw
 10155 | D:7      | Reached ** piety under Uskayaw
 10220 | D:7      | Killed a hippogriff
 10220 | D:7      | Reached XP level 10. HP: 51/67 MP: 10/10
 10244 | D:7      | Reached skill level 12 in Short Blades
 10289 | D:8      | Found a shattered altar of Ashenzari.
 10315 | D:7      | Reached skill level 5 in Dodging
 10389 | D:8      | Reached *** piety under Uskayaw
 10417 | D:8      | Reached **** piety under Uskayaw
 11176 | D:9      | Reached skill level 5 in Shields
 11202 | D:9      | Got a sheer robe
 11208 | D:9      | Identified the cursed +1 robe of Ischuefa {Str+2 Int+4 Dex-2} (You found it on level 9 of the Dungeon)
 11448 | D:9      | Slain by a yak

Skill      XL: |  1  2  3  4  5  6  7  8  9 10 |
---------------+-------------------------------+-----
Short Blades   | 3 4 5 7 8 10 11 12 | 12.8
Dodging        | 4 5 |  5.0
Shields        | 1 5 |  5.5
Fighting       | |  2.0
Throwing       | |  2.0
Stealth        | |  4.0

Action                   |  1- 3 |  4- 6 |  7- 9 | 10-12 || total
-------------------------+-------+-------+-------+-------++-------
Melee: Dagger            |    95 |   315 |   786 |   317 ||  1513
       Short sword       |       |       |    30 |       ||    30
 Fire: Blowgun           |       |    27 |    17 |       ||    44
Throw: Stone             |       |    20 |    10 |     4 ||    34
Invok: Line Pass         |       |       |       |     1 ||     1
  Use: Scroll            |       |     2 |     3 |     1 ||     6
       Potion            |       |       |     6 |       ||     6
 Stab: Sleeping          |     8 |     4 |    10 |     5 ||    27
       Distracted        |       |       |     2 |     2 ||     4
       Paralysed         |       |       |       |     3 ||     3
  Eat: Chunk             |       |    12 |    18 |     5 ||    35
Armor: Robe              |    20 |    38 |   122 |    26 ||   206
Dodge: Dodged            |    44 |   196 |   311 |    77 ||   628
Block: Other             |       |       |    10 |     2 ||    12
       Shield            |       |       |       |   110 ||   110
       Reflection        |       |       |       |     1 ||     1
